 Dungeon Crawl Stone Soup version 0.31-a0-16-g6d2539766c (webtiles) character file.

Game seed: 118577289318363675

49 lunkers the Gusty (level 4, -1/33 HPs)
             Began as a Meteoran Air Elementalist on May 8, 2023.
             Killed by their own static electricity (3 damage)
             ... on level 3 of the Dungeon.
             The game lasted 00:01:59 (756 turns).

lunkers the Gusty (Meteoran Air Elementalist)        Turns: 756, Time: 00:01:59

Health: -1/33      AC:  3    Str:  9    XL:     4   Next: 22%
Magic:  1/10       EV: 12    Int: 19    God:
Gold:   31         SH:  0    Dex: 14    Spells: 6/9 levels left

rFire   . . .        d - +0 dagger
rCold   . . .        (no shield)
rNeg    + . .        a - +0 robe
rPois   .            (no helmet)
rElec   .            (no cloak)
rCorr   .            (no gloves)
SInv    .            i - +0 pair of boots
Will    .....        (no amulet)
Stlth   +            f - ring of positive energy
HPRegen 0.25/turn    (no ring)
MPRegen 0.12/turn

%: no passive effects
@: glowing
A: sense surroundings 1, otherworldly, glowing, explore regen
a: no special abilities


You were on level 3 of the Dungeon.
You visited 1 branch of the dungeon, and saw 3 of its levels.

You collected 31 gold pieces.

Inventory:

Hand Weapons
 d - a +0 dagger (weapon)
Armour
 a - a +0 robe (worn)
 i - a +0 pair of boots (worn)
 k - a +0 helmet
Jewellery
 f - a ring of positive energy (left hand)
Scrolls
 c - a scroll of silence {unknown}
 e - a scroll of enchant armour {unknown}
 g - 2 scrolls of poison {unknown}
 h - a scroll of identify {unknown}
 j - a scroll of teleportation {unknown}
Potions
 b - 2 potions of magic


   Skills:
 - Level 2.4 Dodging
 - Level 1.4 Stealth
 + Level 3.3 Spellcasting
 + Level 2.3 Conjurations
 * Level 4.7 Air Magic


You had 6 spell levels left.
You knew the following spells:

 Your Spells              Type           Power      Damage    Failure   Level
a - Shock                 Conj/Air       64%        1d7       3%          1
b - Static Discharge      Conj/Air       32%        2-4/arc   5%          2

Your spell library contained the following spells:

 Spells                   Type           Power      Damage    Failure   Level
 Swiftness                Air            21%        N/A       6%          3
 Airstrike                Air            10%        2d(2-18)  22%         4


Dungeon Overview and Level Annotations

Branches:
Dungeon (3/15) Zot: 1045

Altars:


Innate Abilities, Weirdness & Mutations

You passively map a small area around you.
You are easily found by Zot.
You glow in the dark.
You regain HP and MP as you explore.


Message History

Found a helmet, a leather armour and 3 stones.
Found an escape hatch in the ceiling.
There is a stone staircase leading up here.
An iguana is nearby!
Found a stone staircase leading down.
The iguana bites you!
You see here a +0 helmet.
k - a +0 helmet The iguana bites you but does no damage.
Casting: Static Discharge (safe; 5% risk of failure)
Confirm with . or Enter, or press ? or * to list all spells.
The iguana is struck by an arc of lightning.
The iguana is lightly wounded.
You are struck by an arc of lightning.
* * * LOW HITPOINT WARNING * * *
The lightning grounds out.
The iguana closely misses you.
Casting: Static Discharge (safe; 5% risk of failure)
Confirm with . or Enter, or press ? or * to list all spells.
The iguana is struck by an arc of lightning.
The iguana is heavily wounded.
You are struck by an arc of lightning.
* * * LOW HITPOINT WARNING * * *
The lightning grounds out.
The iguana misses you.
Unknown command.
Unknown command.
Casting: Static Discharge (safe; 5% risk of failure)
Confirm with . or Enter, or press ? or * to list all spells.
The iguana is struck by an arc of lightning.
The iguana is severely wounded.
You are struck by an arc of lightning.
* * * LOW HITPOINT WARNING * * *
The lightning grounds out.
The iguana bites you!
* * * LOW HITPOINT WARNING * * *
Unknown command.
Unknown command.
Casting: Static Discharge (safe; 5% risk of failure)
Confirm with . or Enter, or press ? or * to list all spells.
The iguana is struck by an arc of lightning.
The iguana is almost dead.
You are struck by an arc of lightning.
You die...

#.. * ..# * #* ,
, ,.(> *,.# * *
# #.# ..#
#.#####.###..# *
~ *
#..[.........# *
* ##..........#
* #...#...<..##
* .......@....#
* ,
#...#..l........
.. ##....<..###
##.##.#.# * #.#
##.# * , ,, ,..#
* # , , , ### *
* ,


You could see an iguana.

Vanquished Creatures
  2 adders (D:2)
  2 ball pythons (D:1)
  6 endoplasms
  3 giant cockroaches (D:1)
  3 hobgoblins (D:1)
  2 jackals (D:1)
  2 kobolds
  2 bats
  A frilled lizard (D:1)
  3 goblins (D:1)
  2 rats (D:1)
28 creatures vanquished.

Notes
Turn   | Place    | Note
-------+----------+-------------------------------------------
     0 | D:1      | lunkers the Meteoran Air Elementalist began the quest for
                  | the Orb.
     0 | D:1      | Reached XP level 1. HP: 14/14 MP: 5/5
    41 | D:1      | Reached XP level 2. HP: 20/20 MP: 0/6
    71 | D:1      | Reached skill level 4 in Air Magic
   168 | D:1      | Learned a level 2 spell: Static Discharge
   210 | D:1      | Reached XP level 3. HP: 26/26 MP: 5/8
   500 | D:1      | Glimpsed the power of Zot.
   550 | D:1      | Glimpsed the power of Zot.
   708 | D:2      | Reached XP level 4. HP: 18/33 MP: 2/10
   756 | D:3      | Killed from afar by themself

Illustrated notes

Levels and vault maps discovered:
D:1:      minmay_arrival_arboretum_small, layout_basic,
          chequers_serial_rivers_large_b
D:2:      layout_basic, dreamdust_princess_bridge, minmay_misc_feat_enclosed,
          minmay_goblin_kobold_house
D:3:      layout_loops_ring, grunt_temple_overflow_magic_moments,
          cheibrodos_worm_habitat, serial_shops, shop_statue, uniq_ijyb,
          uniq_robin

Skill      XL: |  1  2  3 |
---------------+----------+-----
Air Magic      | 4 |  4.7
Spellcasting   | 3 |  3.3
Conjurations   | 2 |  2.3
Dodging        | |  2.4
Stealth        | |  1.4

Action                     |  1- 3 |  4- 6 || total
---------------------------+-------+-------++-------
  Melee: Dagger            |    22 |       ||    22
         Punch             |     1 |       ||     1
   Cast: Shock             |    24 |       ||    24
         Static Discharge  |    16 |     3 ||    19
 Armour: Robe              |    12 |     1 ||    13
  Dodge: Dodged            |    21 |     2 ||    23

Table legend: (Time is in decaauts)
 A = Elapsed time spent in this place.
 B = Non-inter-level travel time spent in this place.
 C = Inter-level travel time spent in this place.
 D = Time resting spent in this place.
 E = Time spent auto-exploring this place.
 F = Levels seen in this place.
 G = Mean time per level.
                   A        B        C        D        E       F      G
               +--------+--------+--------+--------+--------+-----+--------+
         Total |    754 |    658 |     96 |      0 |    487 |   3 |  251.3 |
       Dungeon |    754 |    658 |     96 |      0 |    487 |   3 |  251.3 |
               +--------+--------+--------+--------+--------+-----+--------+

Top non-repeatable levels by time:
     D:1: 557 daAuts
     D:2: 191 daAuts
     D:3: 5 daAuts
